 Dungeon Sprint DCSS version 0.30.1-4-g462c640d31 (webtiles) character file.

Game seed: 761855152501814191

1233 Heoruswealwe the Summoner (level 8, -4/65 HPs)
             Began as a Gnoll Summoner on Aug 17, 2023.
             Was a Follower of Sif Muna.
             Shot with an arrow by a centaur warrior (23 damage)
             ... in the Dungeon (Sprint I: "Red Sonja").
             The game lasted 00:14:36 (771 turns).

Heoruswealwe the Summoner (Gnoll Summoner)           Turns: 771, Time: 00:14:36

Health: -4/65      AC:  3    Str:  7    XL:     8   Next: 48%
Magic:  7/20       EV: 15    Int: 18    God:    Sif Muna [*.....]
Gold:   302        SH:  0    Dex: 12    Spells: 11/24 levels left

rFire   . .          .
                       - Unarmed
rCold   . . .        (no shield)
rNeg    . . .        h - +0 robe
rPois   .            k - +0 helmet
rElec   .            (no cloak)
rCorr   .            (no gloves)
SInv    .            (no boots)
Will    .....        (no amulet)
Stlth   ++++         (no ring)
HPRegen 0.30/turn    (no ring)
MPRegen 0.17/turn

%: no teleportation
@: no status effects
A: fangs 1, strong nose, distributed training
a: Renounce Religion, Channel Magic


You were in the Dungeon.
You worshipped Sif Muna.
Sif Muna was aware of your devotion.
You visited 1 branch You collected 435 gold pieces.
You spent 133 gold pieces at shops.

Inventory:

Armour
 h - a +0 robe (worn)
 k - a +0 helmet (worn)
Wands
 f - a wand of polymorph (4)
Scrolls
 a - a scroll of torment {unknown}
 d - a scroll of fog {unknown}
 g - a scroll of blinking
 i - a scroll of identify {unknown}
Potions
 b - 3 potions of magic
 c - a potion of curing
 e - a potion of haste
 j - a potion of flight {unknown}


   Skills:
 + Level 6.8 Fighting
 + Level 6.8 Short Blades
 + Level 6.8 Long Blades
 + Level 6.8 Axes
 + Level 6.8 Maces & Flails
 + Level 6.8 Polearms
 + Level 6.8 Staves
 + Level 6.8 Ranged Weapons
 + Level 6.8 Throwing
 + Level 6.8 Armour
 + Level 8.3 Dodging
 + Level 8.1 Stealth
 + Level 6.8 Shields
 + Level 6.8 Unarmed Combat
 + Level 8.5 Spellcasting
 + Level 5.6 Conjurations
 + Level 5.6 Hexes
 + Level 9.2 Summonings
 + Level 5.6 Necromancy
 + Level 5.6 Translocations
 + Level 5.6 Transmutations
 + Level 5.6 Fire Magic
 + Level 5.6 Ice Magic
 + Level 5.6 Air Magic
 + Level 5.6 Earth Magic
 + Level 5.6 Poison Magic
 + Level 7.5 Invocations
 + Level 6.8 Evocations


You had 11 spell levels left.
You knew the following spells:

 Your Spells              Type           Power      Damage    Failure   Level
a - Summon Small Mammal   Summ           100%       N/A       1%          1
b - Call Imp              Summ           80%        N/A       1%          2
c - Call Canine Familiar  Summ           40%        N/A       1%          3
d - Summon Guardian Gole  Hex/Summ       34%        N/A       1%          3
e - Summon Lightning Spi  Summ/Air       34%        N/A       4%          4

Your spell library contained the following spells:

 Spells                   Type           Power      Damage    Failure   Level


Dungeon Overview and Level Annotations

Branches:
Dungeon (1/1)

Altars:
Cheibriados
Dithmenos
Elyvilon
Fedhas
Gozag
Hepliaklqana
Kikubaaqudgha
Makhleb
Nemelex Xobeh
Okawaru
Qazlal
Ru
Sif Muna
Trog
Uskayaw
Vehumet
Wu Jian
Xom
Yredelemnul
Zin
The Shining One
Jiyva
Lugonu

Shops:
D *


Innate Abilities, Weirdness & Mutations

You have very sharp teeth.
Your uncanny sense of smell can sniff out nearby items.
Your experience applies equally to all skills.


Message History

2 centaur warriors come into view.
The centaur warrior moves out of view. x2
There is an open door here.
Found 20 gold pieces and a scroll labelled ASTOEH ECOPASI.
The centaur warrior shouts!
The centaur warrior wields a +0 shortbow.
The centaur warrior shoots an arrow.
The arrow hits you!!
You hear a shout!
There is a shimmering blue altar of Sif Muna here.
There is an open door here.
The centaur warrior hits your wolf! The centaur warrior kicks your wolf.
Your wolf misses the centaur warrior.
Your wolf bites the centaur warrior.
The centaur warrior wields a +0 shortbow.
The centaur warrior shoots an arrow.
The arrow hits your wolf!!
Your wolf dies!
Your wolf's corpse disappears in a puff of smoke!
The centaur warrior shoots an arrow.
The arrow closely misses you.
The centaur warrior shoots an arrow.
The arrow hits your hound!!
Your hound dies!
Your hound's corpse disappears in a puff of smoke!
The centaur warrior shoots an arrow.
The arrow hits your hound!!
Your hound dies!
Your hound's corpse disappears in a puff of smoke!
The centaur warrior shoots an arrow.
The arrow hits you!
Casting: Call Canine Familiar (safe; 1% risk of failure)
Confirm with . or Enter, or press ? or * to list all spells.
An electric hum fills the air.
The centaur warrior shoots an arrow.
The arrow barely misses your lightning spire.
The arrow completely misses you.
The centaur warrior shoots an arrow.
The arrow hits your lightning spire!
Nothing appears to happen.
The centaur warrior shoots an arrow.
The arrow hits your lightning spire!
Your lightning spire is destroyed!
Your lightning spire disappears in a puff of smoke!
The centaur warrior shoots an arrow.
The arrow hits you.
The centaur warrior shoots an arrow.
The arrow hits you!
* * * LOW HITPOINT WARNING * * *
The centaur warrior shoots an arrow.
The arrow hits you!!
You die...

#<.#..').#..'..#__#..'..)#∆∆
∆ #..)..#..'[.#..'..').#...#
∆ #..#####'#####'#__####...+
∆ #!.####..#...#.####§?#####
∆ #..#__####..##§#§§~.c#∆∆
#..#_____##'#_§§§§~.§
#⌠⌠#_.∩...'..cc#~~~.c#∆∆
####_..__##_§#§##+####
∆∆#_____###+#@#∆∆∆∆ ∆
####### ### ∆ ∆ ∆ ∆∆ ∆∆ ∆ ∆
∆ ∆ ∆ ∆∆∆∆∆ ∆∆∆∆∆


You could see 2 centaur warriors.

Vanquished Creatures
  A kobold demonologist (D)
  Ijyb (D)
2 creatures vanquished.

Vanquished Creatures (collateral kills)
  A kobold demonologist (D)
  A slime creature (D)
  Sigmund (D)
  A yak (D)
  A floating eye (D)
  An ogre (D)
  A jelly (D)
7 creatures vanquished.

Grand Total: 9 creatures vanquished

Notes
Turn   | Place    | Note
-------+----------+-------------------------------------------
     0 | D        | Heoruswealwe the Gnoll Summoner began the quest for the
                  | Orb.
     0 | D        | Reached XP level 1. HP: 13/13 MP: 6/6
     6 | D        | Noticed Ijyb
    35 | D        | Killed Ijyb
    36 | D        | Reached skill level 1 in Fighting
    36 | D        | Reached skill level 1 in Short Blades
    36 | D        | Reached skill level 1 in Long Blades
    36 | D        | Reached skill level 1 in Axes
    36 | D        | Reached skill level 1 in Maces & Flails
    36 | D        | Reached skill level 1 in Polearms
    36 | D        | Reached skill level 1 in Staves
    36 | D        | Reached skill level 1 in Ranged Weapons
    36 | D        | Reached skill level 1 in Throwing
    36 | D        | Reached skill level 1 in Armour
    36 | D        | Reached skill level 1 in Shields
    36 | D        | Reached skill level 1 in Unarmed Combat
    36 | D        | Reached skill level 5 in Spellcasting
    36 | D        | Reached skill level 1 in Conjurations
    36 | D        | Reached skill level 1 in Hexes
    36 | D        | Reached skill level 1 in Necromancy
    36 | D        | Reached skill level 1 in Translocations
    36 | D        | Reached skill level 1 in Transmutations
    36 | D        | Reached skill level 1 in Fire Magic
    36 | D        | Reached skill level 1 in Ice Magic
    36 | D        | Reached skill level 1 in Air Magic
    36 | D        | Reached skill level 1 in Earth Magic
    36 | D        | Reached skill level 1 in Poison Magic
    36 | D        | Reached skill level 1 in Evocations
    36 | D        | Reached XP level 2. HP: 18/22 MP: 5/8
    36 | D        | Reached XP level 3. HP: 22/27 MP: 5/9
    90 | D        | Learned a level 2 spell: Call Imp
    94 | D        | Learned a level 3 spell: Call Canine Familiar
    98 | D        | Learned a level 3 spell: Summon Guardian Golem
   104 | D        | Noticed an ogre
   112 | D        | Killed an ogre
   113 | D        | Reached skill level 5 in Dodging
   113 | D        | Reached skill level 5 in Stealth
   113 | D        | Reached XP level 4. HP: 35/35 MP: 2/11
   288 | D        | Learned a level 4 spell: Summon Lightning Spire
   300 | D        | Noticed Sigmund
   309 | D        | Killed Sigmund
   310 | D        | Reached skill level 8 in Summonings
   310 | D        | Reached XP level 5. HP: 31/43 MP: 8/14
   310 | D        | Reached XP level 6. HP: 35/49 MP: 8/15
   387 | D        | Found a burning altar of Makhleb.
   387 | D        | Found a viscous altar of Jiyva.
   387 | D        | Found a shimmering altar of Xom.
   387 | D        | Found a corrupted altar of Lugonu.
   387 | D        | Noticed a slime creature
   411 | D        | Killed a slime creature
   412 | D        | Reached skill level 5 in Fighting
   412 | D        | Reached skill level 5 in Short Blades
   412 | D        | Reached skill level 5 in Long Blades
   412 | D        | Reached skill level 5 in Axes
   412 | D        | Reached skill level 5 in Maces & Flails
   412 | D        | Reached skill level 5 in Polearms
   412 | D        | Reached skill level 5 in Staves
   412 | D        | Reached skill level 5 in Ranged Weapons
   412 | D        | Reached skill level 5 in Throwing
   412 | D        | Reached skill level 5 in Armour
   412 | D        | Reached skill level 5 in Shields
   412 | D        | Reached skill level 5 in Unarmed Combat
   412 | D        | Reached skill level 5 in Invocations
   412 | D        | Reached skill level 5 in Evocations
   412 | D        | Reached XP level 7. HP: 42/56 MP: 3/17
   538 | D        | Found a shimmering blue altar of Sif Muna.
   539 | D        | Found an ornate altar of the Wu Jian Council.
   543 | D        | Found a radiant altar of Vehumet.
   581 | D        | Found Nuthoc's Assorted Antiques.
   581 | D        | Found an ancient bone altar of Kikubaaqudgha.
   581 | D        | Found a hazy altar of Hepliaklqana.
   581 | D        | Found a stormy altar of Qazlal.
   581 | D        | Found a hide-covered altar of Uskayaw.
   581 | D        | Found a blossoming altar of Fedhas.
   581 | D        | Found a bloodstained altar of Trog.
   581 | D        | Found an iron altar of Okawaru.
   581 | D        | Found a basalt altar of Yredelemnul.
   581 | D        | Found a glowing golden altar of the Shining One.
   581 | D        | Found a snail-covered altar of Cheibriados.
   581 | D        | Found a sacrificial altar of Ru.
   581 | D        | Found a glowing silver altar of Zin.
   581 | D        | Found a shadowy altar of Dithmenos.
   581 | D        | Found a white marble altar of Elyvilon.
   581 | D        | Noticed a yak
   590 | D        | Killed a yak
   610 | D        | Found an opulent altar of Gozag.
   611 | D        | Found a sparkling altar of Nemelex Xobeh.
   630 | D        | Became a worshipper of Sif Muna the Loreminder
   642 | D        | Bought a scroll labelled LUKHLA WAMI OKK for 18 gold pieces
   642 | D        | Bought a scroll labelled ASTOEH ECOPASI for 18 gold pieces
   642 | D        | Bought a murky cyan potion for 16 gold pieces
   642 | D        | Bought a helmet for 81 gold pieces
   667 | D        | Noticed a kobold demonologist
   671 | D        | Killed a kobold demonologist
   672 | D        | Reached skill level 5 in Conjurations
   672 | D        | Reached skill level 5 in Hexes
   672 | D        | Reached skill level 5 in Necromancy
   672 | D        | Reached skill level 5 in Translocations
   672 | D        | Reached skill level 5 in Transmutations
   672 | D        | Reached skill level 5 in Fire Magic
   672 | D        | Reached skill level 5 in Ice Magic
   672 | D        | Reached skill level 5 in Air Magic
   672 | D        | Reached skill level 5 in Earth Magic
   672 | D        | Reached skill level 5 in Poison Magic
   672 | D        | Reached XP level 8. HP: 64/64 MP: 14/20
   673 | D        | Reached skill level 9 in Summonings
   674 | D        | Noticed a kobold demonologist
   686 | D        | Noticed a sixfirhy
   688 | D        | Killed a kobold demonologist
   688 | D        | Reached * piety under Sif Muna
   757 | D        | Noticed a centaur warrior
   757 | D        | Noticed a centaur warrior
   771 | D        | Shot with an arrow by a centaur warrior

Illustrated notes

Levels and vault maps discovered:
D:        dungeon_sprint_1 [red_sonja_temple_1, red_sonja_temple_small_1]

Skill      XL: |  1  2  3  4  5  6  7  8 |
---------------+-------------------------+-----
Fighting       | 1 3 4 5 6 |  6.8
Short Blades   | 1 3 4 5 6 |  6.8
Long Blades    | 1 3 4 5 6 |  6.8
Axes           | 1 3 4 5 6 |  6.8
Maces & Flails | 1 3 4 5 6 |  6.8
Polearms       | 1 3 4 5 6 |  6.8
Staves         | 1 3 4 5 6 |  6.8
Ranged Weapons | 1 3 4 5 6 |  6.8
Throwing       | 1 3 4 5 6 |  6.8
Armour         | 1 3 4 5 6 |  6.8
Shields        | 1 3 4 5 6 |  6.8
Unarmed Combat | 1 3 4 5 6 |  6.8
Spellcasting   | 5 6 7 8 |  8.5
Conjurations   | 1 2 3 4 5 |  5.6
Hexes          | 1 2 3 4 5 |  5.6
Necromancy     | 1 2 3 4 5 |  5.6
Translocations | 1 2 3 4 5 |  5.6
Transmutations | 1 2 3 4 5 |  5.6
Fire Magic     | 1 2 3 4 5 |  5.6
Ice Magic      | 1 2 3 4 5 |  5.6
Air Magic      | 1 2 3 4 5 |  5.6
Earth Magic    | 1 2 3 4 5 |  5.6
Poison Magic   | 1 2 3 4 5 |  5.6
Invocations    | 2 3 4 5 6 7 |  7.5
Evocations     | 1 3 4 5 6 |  6.8
Dodging        | 5 6 7 8 |  8.3
Stealth        | 5 6 7 8 |  8.1
Summonings     | 8 9 |  9.2

Action                     |  1- 3 |  4- 6 |  7- 9 || total
---------------------------+-------+-------+-------++-------
  Melee: Unarmed           |    12 |       |     2 ||    14
   Cast: Summon Small Mamm |     6 |     5 |     1 ||    12
         Call Canine Famil |     1 |     5 |     6 ||    12
         Call Imp          |     1 |       |       ||     1
         Summon Lightning  |       |       |     3 ||     3
    Use: Potion            |       |     2 |       ||     2
   Stab: Distracted        |       |       |     1 ||     1
 Armour: Skin              |     6 |       |       ||     6
  Dodge: Dodged            |     1 |     1 |     2 ||     4
